cohdb
Replays
Latest Replays
All Replays
Popular Replays
Top Player Replays
Match Explorer
How It Works
Community
CoH3 Stats
Reddit
Sign in to upload your games and track your stats! →
Sign in with Steam
Match 45893624
Unlisted
Match 45893624
Overview
Messages
Build Orders
End
Kradschützen Motorcycle Team
250 Light Carrier
Panzerpioneer Squad
Construct Light Support Kompanie
Combat Half-tracks
250 Light Carrier
Fire Support Elements
Vehicle Survival Package
Selects Armored Support Battlegroup
Selects Salvage Kits
Panzerjäger Mechanized Group
Construct Mechanized Kompanie
Pak 38 Anti-tank Gun Team
Panzerpioneer Squad
Selects Veteran Gunners
254 Reconnaissance Tractor
Emergency Repair Kits
Selects Panzer Storm
Panzerjäger Mechanized Group
StuG III D Assault Gun
Rapid Advance
Marder III Tank Destroyer
Pak 38 Mechanized Group
StuG III D Assault Gun
Wehearvoices
dobRi3000
Cpt Darling
jwalker987
0
0
Comments
sign in to comment!
No comments posted yet!